 Dungeon Crawl Stone Soup version 0.28.0-53-g5a82cb258f (webtiles) character file.

Game seed: 4390096220752858463

2155 SanguineChosen the Cleaver (level 9, -1/118 HPs)
             Began as a Minotaur Berserker on Aug 5, 2022.
             Was a Priest of Trog.
             Slain by Joseph
             ... wielding a +0 quarterstaff
              (10 damage)
             ... on level 7 of the Dungeon.
             The game lasted 00:24:46 (6957 turns).

SanguineChosen the Cleaver (Minotaur Berserker)     Turns: 6957, Time: 00:24:46

Health: -1/118     AC: 24    Str: 25    XL:     9   Next: 10%
Magic:  8/8        EV:  2    Int:  4    God:    Trog [***...]
Gold:   214        SH:  0    Dex: 11    Spells: 8/8 levels left

rFire   + . .      SeeInvis .   o - +0 war axe
rCold   . . .      Faith    .   (no shield)
rNeg    . . .      Spirit   .   (armour currently unavailable)
rPois   +          Reflect  .   (helmet currently unavailable)
rElec   .          Harm     .   (cloak currently unavailable)
rCorr   .          Rampage  .   (gloves currently unavailable)
Will    ++...      NoTele   +   (boots currently unavailable)
Stlth   +.........              (no amulet)
HPRegen 1.29/turn               k - ring of protection from fire
MPRegen 0.11/turn               (no ring)

@: tree-form, strong-willed, regenerating, studying Unarmed Combat
A: stationary, stasis, torment immunity, boosted hp, (horns 2), (retaliatory
headbutt)
a: Renounce Religion, Berserk, Trog's Hand


You were on level 7 of the Dungeon.
You worshipped Trog.
Trog was most pleased with you.
You were a tree.
You visited 1 branch of the dungeon, and saw 7 of its levels.

You collected 266 gold pieces.
You spent 52 gold pieces at shops.

Inventory:

Hand Weapons
 a - a +0 hand axe
 o - a +0 war axe (weapon)
 w - a +2 flail of distortion
Missiles
 q - 2 datura-tipped darts (quivered)
 x - a throwing net
Armour
 h - a +0 chain mail (melded)
 j - a +1 cloak of stealth (melded)
 p - a +0 pair of gloves (melded)
Jewellery
 k - a ring of protection from fire (left branch)
Wands
 f - a wand of polymorph (7)
 i - a wand of iceblast (11)
Scrolls
 b - a scroll of fear
 c - a scroll of blinking
 g - 3 scrolls of teleportation
 m - a scroll of holy word {unknown}
 n - a scroll of fog {unknown}
 s - a scroll of enchant armour {unknown}
Potions
 d - 2 potions of lignification
 e - a potion of cancellation {unknown}
 r - a potion of heal wounds {unknown}
 t - a potion of flight {unknown}
 v - a potion of haste {unknown}


   Skills:
 + Level 7.4 Fighting
 + Level 10.4 Axes
 + Level 8.2 Armour
 + Level 3.6 Dodging


You had 8 spell levels left.
You didn't know any spells.
Your spell library was empty.

Dungeon Overview and Level Annotations

Branches:
Dungeon (7/15)
 Temple: D:4-7

Altars:
Cheibriados
Hepliaklqana
Makhleb
Nemelex Xobeh
Qazlal
Ru
Uskayaw
Vehumet
Wu Jian

Shops:
D:2 *   D:4 (

Annotations:
D:7 Joseph


Innate Abilities, Weirdness & Mutations

You are a tree.
Your roots penetrate the ground, keeping you stationary.
You cannot be teleported.
You are immune to unholy pain and torment.
Your maximum health is greatly increased.
Your equipment is partially melded.
((You have a pair of horns on your head.))
((You reflexively headbutt those who attack you in melee.))


Message History

The orc hits you but does no damage.
The orc wizard hits you but does no damage.
You hit Joseph but do no damage.
Joseph is lightly wounded.
You closely miss the orc wizard. You hit the centaur.
The centaur hits you but does no damage.
The centaur completely misses you.
The orc hits you from afar with a +0 trident.
* * * LOW HITPOINT WARNING * * *
The centaur barely misses you.
The centaur kicks you but does no damage.
Joseph unwields a +0 hunting sling.
Joseph wields a +0 quarterstaff.
Joseph hits you but does no damage.
Aiming: Iceblast
Press: ? - help, Q - select action, (/) - cycle Shift-Dir - straight line, p - Joseph
Okay, then.
Read: 2 scrolls of fear
Press: ? - help, Q - select action, (/) - cycle Dir - look around, f - activate Look: Joseph, wielding a +0 quarterstaff, wearing a +0 leather armour and quivering sling bullets (lightly wounded, chance to affect: 90%)
As you read the scroll of fear, it crumbles to dust.
You assume a fearsome visage.
Joseph easily resists.
The centaur resists with some effort.
The orc looks frightened!
The orc wizard looks frightened!
The orc looks frightened!
The orc wizard gestures wildly while chanting.
The orc wizard flickers and vanishes!
Deactivating autopickup; reactivate with Ctrl-A.
The centaur hits you but does no damage.
The centaur kicks you but does no damage.
Joseph hits you but does no damage.
Okay, then.
You slash Joseph!
Joseph is moderately wounded.
You closely miss the centaur. You hit something.
The centaur hits you but does no damage.
The centaur kicks you but does no damage.
The centaur hits you but does no damage.
The centaur kicks you but does no damage.
Joseph hits you with a +0 quarterstaff!
You die...

..#####.#
..#.#.### .
#.......## ..
###.........
#.###...†....@..
#.......<..####.
##.........#
##.#.@c#....# #
###♣######
..(...)))......
..........o....
...o#######....
... ... .. .. .
.


You could see Joseph, a centaur and 2 orcs.

Vanquished Creatures
  Pikel (D:4)
  A centaur zombie (D:6)
  The ghost of Diggabert the Conjurer, an amateur DECj (D:6)
  A water moccasin (D:7)
  An ogre (D:4)
  2 black bears (D:6)
  A centaur (D:7)
  A lemure (D:4)
  2 phantoms (D:6)
  2 bullfrogs
  A scorpion (D:5)
  Crazy Yiuf (D:2)
  A centaur skeleton (D:4)
  2 hounds
  2 orc priests
  3 iguanas
  An orc wizard (D:7)
  Robin (D:4)
  4 gnolls (D:6)
  A howler monkey zombie (D:6)
  5 adders
  A shadow imp (D:6)
  A white imp (D:6)
  3 ufetubi
  3 dart slugs
  An orc (D:6)
  5 ball pythons
  4 endoplasms
  2 giant cockroaches
  8 hobgoblins
  3 jackals (D:4)
  6 kobolds
  3 quokkas
  6 bats
  3 frilled lizards
  7 goblins
  6 rats
97 creatures vanquished.

Notes
Turn   | Place    | Note
-------+----------+-------------------------------------------
     0 | D:1      | SanguineChosen the Minotaur Berserker began the quest for
                  | the Orb.
     0 | D:1      | Reached XP level 1. HP: 19/19 MP: 0/0
   312 | D:1      | Reached skill level 4 in Axes
   312 | D:1      | Reached XP level 2. HP: 24/27 MP: 1/1
   994 | D:2      | Found a faded altar of an unknown god.
  1025 | D:2      | Reached XP level 3. HP: 31/33 MP: 2/2
  1428 | D:2      | Reached ** piety under Trog
  1462 | D:2      | Found Cus Afayde's General Store.
  1476 | D:2      | Bought a scroll of identify for 22 gold pieces
  1509 | D:2      | Found a runed translucent door.
  1510 | D:2      | Noticed Crazy Yiuf
  1877 | D:2      | Killed Crazy Yiuf
  1878 | D:2      | Reached XP level 4. HP: 25/41 MP: 3/3
  2333 | D:3      | Found a sparkling altar of Nemelex Xobeh.
  2644 | D:3      | Reached skill level 5 in Axes
  2865 | D:4      | Noticed Robin
  2877 | D:4      | Killed Robin
  2941 | D:4      | Noticed a lemure
  2941 | D:4      | Noticed a lemure
  2954 | D:4      | Reached XP level 5. HP: 43/47 MP: 4/4
  3046 | D:4      | Killed a lemure
  3095 | D:4      | Noticed an ogre
  3105 | D:4      | Killed an ogre
  3106 | D:4      | Reached skill level 5 in Fighting
  3410 | D:4      | Reached skill level 6 in Axes
  3410 | D:4      | Reached XP level 6. HP: 46/56 MP: 5/5
  3568 | D:4      | Noticed Pikel
  3584 | D:4      | Killed Pikel
  3584 | D:4      | Reached *** piety under Trog
  3585 | D:4      | Reached skill level 7 in Axes
  3585 | D:4      | Reached skill level 5 in Armour
  3585 | D:4      | Reached XP level 7. HP: 38/63 MP: 6/6
  3819 | D:4      | Found a radiant altar of Vehumet.
  3881 | D:4      | Found Dogur's Weapon Shop.
  3889 | D:4      | Bought 2 datura-tipped darts for 8 gold pieces
  4396 | D:2      | Bought a scroll of identify for 22 gold pieces
  4454 | D:5      | Entered Level 5 of the Dungeon
  4480 | D:5      | Found a stormy altar of Qazlal.
  4535 | D:5      | Reached skill level 8 in Axes
  5345 | D:6      | Found an ornate altar of the Wu Jian Council.
  5587 | D:6      | Reached XP level 8. HP: 68/70 MP: 7/7
  5760 | D:6      | Reached skill level 9 in Axes
  5959 | D:6      | Found a runed translucent door.
  6032 | D:6      | Found a hazy altar of Hepliaklqana.
  6038 | D:6      | Found a burning altar of Makhleb.
  6064 | D:6      | Found a hide-covered altar of Uskayaw.
  6064 | D:6      | Found a snail-covered altar of Cheibriados.
  6070 | D:6      | Found a sacrificial altar of Ru.
  6455 | D:6      | Noticed Diggabert's ghost (amateur DECj)
  6485 | D:6      | Killed Diggabert's ghost
  6486 | D:6      | Reached skill level 10 in Axes
  6917 | D:7      | Reached XP level 9. HP: 75/79 MP: 8/8
  6931 | D:7      | Noticed Joseph
  6952 | D:7      | HP: 3/118 [centaur/arrow (8)]
  6957 | D:7      | Slain by Joseph

Illustrated notes

Levels and vault maps discovered:
D:1:      nicolae_arrival_washed_ashore, layout_basic
D:2:      layout_basic, nicolae_ecumenical_pavilion, serial_shops, shop_statue,
          uniq_crazy_yiuf_cottage
D:3:      layout_basic, nemelex_diamond_rough_becter,
          hangedman_abyss_or_decor_lesser_grid
D:4:      layout_basic, mainiacjoe_overflow_six_doors_small, serial_shops,
          nicolae_shop_advertising_works [nicolae_subvault_shop_adworks],
          minmay_manual_mail, uniq_pikel, uniq_robin
D:5:      layout_basic, nicolae_qazlal_general_emergency, serial_corexii_hall,
          corexii_hall_statues_i, chequers_hall_statues_wall_a, serial_shops,
          kennysheep_mini_moat
D:6:      layout_loops_ring, nicolae_overflow_hallway_of_the_gods,
          mainiacjoe_overflow_alcove_4, ebering_ghost_sewer_d
D:7:      lemuel_insect_pit, layout_layer_cave,
          grunt_dithmenos_smoke_and_mirrors, minmay_temple_entry_mist,
          minmay_misc_feat_pillars, uniq_joseph

Skill      XL: |  1  2  3  4  5  6  7  8 |
---------------+-------------------------+-----
Axes           | 4 5 6 7 8 10 | 10.4
Fighting       | 4 5 6 7 |  7.4
Armour         | 3 4 5 6 8 |  8.2
Dodging        | 3 |  3.6

Action                   |  1- 3 |  4- 6 |  7- 9 || total
-------------------------+-------+-------+-------++-------
Melee: Hand axe          |    86 |   124 |       ||   210
       Headbutt          |    14 |    12 |    23 ||    49
       Punch             |       |     3 |     2 ||     5
       War axe           |       |       |   129 ||   129
Invok: Trog's Hand       |       |       |     2 ||     2
Evoke: Wand              |       |       |     1 ||     1
  Use: Scroll            |     4 |     4 |     4 ||    12
       Potion            |       |       |     2 ||     2
Armor: Animal skin       |     3 |       |       ||     3
       Ring mail         |    15 |       |       ||    15
       Leather armour    |     6 |       |       ||     6
       Chain mail        |       |    75 |    95 ||   170
       Skin              |       |       |    31 ||    31
Dodge: Dodged            |    45 |    55 |    57 ||   157
